 Dungeon Crawl Stone Soup version 0.31-a0-365-gcf821cafb2 (webtiles) character file.

Game seed: 13111421100366192693

98826 Newt the Impaler (level 16, -4/117 HPs)
             Began as a Merfolk Gladiator on July 27, 2023.
             Was the Champion of Hepliaklqana.
             Slain by a merfolk impaler
             ... wielding a +3 trident of venom
              (21 damage)
             ... on level 3 of the Shoals.
             The game lasted 00:46:15 (24061 turns).

Newt the Impaler (Merfolk Gladiator)               Turns: 24061, Time: 00:46:15

Health: -4/117     AC: 16    Str: 20    XL:     16   Next: 23%
Magic:  0/35       EV: 16    Int:  7    God:    Hepliaklqana [******]
Gold:   1150       SH:  0    Dex: 24    Spells: 10/29 levels left

rFire   + + +        f - +5 spear (freeze)
rCold   x . .        u - orb {mayhem}
rNeg    + . .        q - +2 leather armour {Will+}
rPois   .            d - +3 hat of Bottot {+Inv rF+++ rC- MP+9}
rElec   +            X - +2 cloak
rCorr   .            (no gloves)
SInv    .            E - +1 pair of boots
Will    +++..        Z - amulet "Unatz" {Spirit rElec rN+}
Stlth   +++          i - ring "Weugah" {Will+ Dex+6 Slay+6}
HPRegen 0.39/turn    U - +5 ring of evasion
MPRegen 0.24/turn

%: mayhem, clarity, guardian spirit
@: lethally poisoned (-4 -> -29), held, studying Evocations
A: reduced essence, (nimble swimmer 2), mertail, iridescent scales 1, clarity
a: Renounce Religion, Evoke Invisibility, Recall Ancestor, Ancestor Identity,
Transference, Idealise


You were on level 3 of the Shoals.
You worshipped Hepliaklqana.
Hepliaklqana was exalted by your worship.
You visited 4 branches of the dungeon, and saw 22 of its levels.
You also visited: Sewer, Ossuary, Gauntlet and Volcano.

You collected 1758 gold pieces.
You spent 608 gold pieces at shops.

Inventory:

Hand Weapons
 f - a +5 spear of freezing (weapon)
Missiles
 c - 4 silver javelins
 t - 3 javelins
 y - 3 throwing nets
Armour
 d - the +3 hat of Bottot (worn) {+Inv rF+++ rC- MP+9}
   (You found it in a Gauntlet)

   rF:        It renders you almost immune to fire.
   rC:        It makes you vulnerable to cold.
   MP:        It affects your magic capacity (+9).
   +Inv:      It lets you turn invisible.
 q - a +2 leather armour of willpower (worn)
 u - an orb of mayhem (worn)
 E - a +1 pair of boots (worn)
 I - a +1 leather armour of fire resistance
 X - a +2 cloak (worn)
Jewellery
 h - an amulet of guardian spirit
 i - the ring "Weugah" (left hand) {Will+ Dex+6 Slay+6}
   (You acquired it on level 2 of the Dungeon)

   [ring of dexterity]

   Dex:       It affects your dexterity (+6).
   Slay:      It affects your accuracy & damage with ranged weapons and melee
   (+6).
   Will:      It increases your willpower.
 U - a +5 ring of evasion (right hand)
 Y - a ring of protection from fire
 Z - the amulet "Unatz" (around neck) {Spirit rElec rN+}
   (You took it off a minotaur in a Gauntlet)

   [amulet of guardian spirit]

   It causes incoming damage to be divided between your reserves of health and
   magic.
   rElec:     It insulates you from electricity.
   rN:        It protects you from negative energy.
Wands
 j - a wand of light (7)
 n - a wand of digging (4)
 o - a wand of roots (25)
 G - a wand of flame (21)
 S - a wand of charming (20)
 T - a wand of mindburst (29)
Scrolls
 e - 7 scrolls of identify
 k - 6 scrolls of enchant armour
 l - a scroll of blinking
 m - 8 scrolls of poison
 p - 4 scrolls of fog
 v - 4 scrolls of teleportation
 J - 2 scrolls of enchant weapon
 L - 3 scrolls of fear
 N - a scroll of butterflies
 P - a scroll of noise
 W - a scroll of revelation
Potions
 a - a potion of cancellation
 b - 3 potions of invisibility
 g - 7 potions of curing
 r - 6 potions of lignification
 s - 4 potions of mutation
 w - 6 potions of brilliance
 x - 2 potions of haste
 z - 7 potions of might
 D - 4 potions of magic
 H - 3 potions of berserk rage
 M - 2 potions of enlightenment
 R - 3 potions of resistance
 V - 2 potions of ambrosia
Miscellaneous
 A - a phial of floods


   Skills:
 - Level 13.0 Fighting
 - Level 15.6 Polearms
 - Level 2.0 Throwing
 - Level 7.7 Armour
 - Level 12.0 Dodging
 - Level 5.0 Stealth
 - Level 7.0 Spellcasting
 - Level 11.3 Summonings
 + Level 4.7 Air Magic
 - Level 5.5 Earth Magic
 - Level 8.8 Invocations
 - Level 10.0 Evocations


You had 10 spell levels left.
You knew the following spells:

 Your Spells              Type           Power      Damage    Failure   Level
a - Summon Cactus Giant   Summ           9%         N/A       36%         6
b - Animate Armour        Summ/Erth      28%        N/A       9%          4
c - Summon Mana Viper     Hex/Summ       10%        N/A       58%         5
d - Summon Lightning Spi  Summ/Air       13%        N/A       10%         4

Your spell library contained the following spells:

 Spells                   Type           Power      Damage    Failure   Level
 Swiftness                Air            9%         N/A       12%         3
 Passwall                 Tmut/Erth      5%         N/A       13%         2
 Static Discharge         Conj/Air       10%        2-3/arc   16%         2
 Kiss of Death            Conj/Necr      8%         2d6       26%         1
 Magic Dart               Conj           8%         1d3       26%         1
 Slow                     Hex            8%         N/A       26%         1
 Stone Arrow              Conj/Erth      12%        3d7       26%         3
 Summon Ice Beast         Ice/Summ       10%        N/A       26%         4
 Ensorcelled Hibernation  Hex/Ice        4%         N/A       36%         2
 Lesser Beckoning         Tloc           4%         N/A       36%         2
 Searing Ray              Conj           4%         2d4       36%         2
 Airstrike                Air            4%         2d(1-17)  36%         4
 Summon Forest            Summ/Tloc      5%         N/A       58%         5
 Confusing Touch          Hex            2%         N/A       61%         3
 Gell's Gravitas          Tloc           2%         N/A       61%         3
 Inner Flame              Hex/Fire       2%         N/A       61%         3
 Ozocubu's Armour         Ice            2%         N/A       61%         3
 Teleport Other           Tloc           2%         N/A       61%         3
 Vampiric Draining        Necr           2%         2d6       61%         3
 Leda's Liquefaction      Hex/Erth       3%         N/A       63%         4
 Monstrous Menagerie      Summ           9%         N/A       91%         7
 Borgnjor's Vile Clutch   Necr/Erth      3%         N/A       93%         5
 Animate Dead             Necr           2%         N/A       95%         4
 Dispel Undead            Necr           2%         3d7       95%         4
 Fulminant Prism          Conj/Hex       1%         3d5       95%         4
 Yara's Violent Unravell  Hex/Tmut       1%         3d3       100%        5
 Death Channel            Necr           1%         N/A       100%        6
 Dispersal                Tloc           1%         N/A       100%        6
 Enfeeble                 Hex            1%         N/A       100%        7
 Lehudib's Crystal Spear  Conj/Erth      3%         10d2      100%        8


Dungeon Overview and Level Annotations

Branches:
Dungeon (13/15)            Temple (1/1) D:7            Lair (5/5) D:11
 Shoals (3/4) Lair:2       Spider (0/4) Lair:3        Slime (0/5) Lair:4
    Orc (0/2) D:9           Sewer (visited)         Ossuary (visited)
Volcano (visited)         Gauntlet (visited)
 Vaults: D:13-14

Altars:
Ashenzari
Cheibriados
Dithmenos
Elyvilon
Fedhas
Gozag
Hepliaklqana
Kikubaaqudgha
Makhleb
Nemelex Xobeh
Okawaru
Qazlal
Ru
Sif Muna
Trog
Uskayaw
Vehumet
Wu Jian
Xom
Yredelemnul
Zin
The Shining One
Jiyva

Shops:
D:4 (   D:13 :   Shoals:1 *

Annotations:
Lair:2 2 transporters, Midn8's ghost, journeyman DrBr


Innate Abilities, Weirdness & Mutations

Your life essence is reduced to manifest your ancestor. (-10% HP)
((You are very nimble when in or above water. (Stealth+, EV+, Speed+++)))
Your lower body shifts to a powerful aquatic tail in water.
You are partially covered in iridescent scales. (AC +2)
You possess an exceptional clarity of mind.


Message History

You feel better. The merfolk impaler closely misses you.
The merfolk throws a throwing net.
The throwing net hits you.
You become entangled in the net!
The merfolk impaler closely misses you. x2
You struggle against the net.
The merfolk impaler closely misses you.
The merfolk impaler hits you from afar with a +3 trident of venom!!!
* * * LOW HITPOINT WARNING * * *
You feel much better. The merfolk impaler misses you.
The merfolk impaler barely misses you.
The merfolk impaler hits you from afar with a +3 trident of venom!
* * * LOW HITPOINT WARNING * * *
You are poisoned.
You struggle against the net.
You feel very sick.
The merfolk impaler hits the merfolk from afar with a +3 trident of venom!!
The merfolk looks as sick as possible!
The merfolk impaler barely misses the merfolk.
You struggle against the net.
You feel very sick.
The merfolk impaler barely misses the merfolk.
The merfolk impaler hits the merfolk with a +3 trident of venom!!
The merfolk dies!
You hear a splash. x2
The merfolk impaler hits you from afar with a +3 trident of venom!!
* * * LOW HITPOINT WARNING * * *
You are more poisoned.
You feel much better.
* * * LOW HITPOINT WARNING * * *
You feel extremely sick.
The merfolk impaler hits you from afar with a +3 trident of venom.
* * * LOW HITPOINT WARNING * * *
The merfolk impaler closely misses you.
Unknown command.
Aiming: Charm
Press: ? - help, Shift-Dir - straight line, f/p - merfolk impaler
Aim: a merfolk impaler, wielding a +3 trident of venom and wearing a +0 leather armour (moderately wounded, fast, strong, frenzied and insane, chance to affect: 54%)
The merfolk impaler is charmed.
* * * LOW HITPOINT WARNING * * *
You feel extremely sick.
The merfolk impaler hits you from afar with a +3 trident of venom!!
You die...

~~≈~~~~≈≈~~)~~.>##.....
~~≈~~~~≈≈~~.....###....
~~≈~~†.~~[~...........
^~~~~~..~..~.......
:.~~~~~..~..~~~~..~
..~~......~~~~~~~~~
~~~~..###.))≈≈≈~~~~
..~~.. ##))~~≈≈~~~
~~?~~. #.@.~~≈≈≈≈~
~~.....##)..~~≈≈≈≈≈
~...~......m))≈~~~~
..~~......~~~~~~~
..~~.......~~~~~~
...........~~~~~~
###.#...[~~~~≈~~~
####..~~~~≈≈~.~
#..~~≈≈≈≈~~~


You could see a neutral merfolk impaler (charmed, fast, strong, insane).

Vanquished Creatures
  A minotaur (Gauntlet)
  3 merfolk javelineers
  A catoblepas (Lair:3)
  2 centaur warriors
  3 merfolk avatars
  6 death yaks
  A satyr (Shoals:3)
  2 boulder beetles
  2 merfolk aquamancers
  4 two-headed ogres
  2 hell hogs (Volcano)
  A skyshark (Shoals:1)
  6 sea snakes
  9 harpies
  2 deep elf pyromancers (D:13)
  A necromancer (Gauntlet)
  9 manticores
  3 ugly things
  2 oklob plants
  3 fauns
  2 merfolk sirens
  3 cyclopes
  2 salamanders (Volcano)
  8 elephants
  Maurice (D:8)
  2 gargoyles (D:13)
  6 black mambas
  A water nymph (Shoals:2)
  4 cane toads
  An unseen horror (D:13)
  2 rime drakes
  A tengu conjurer (Shoals:3)
  5 komodo dragons
  2 wind drakes
  4 trolls
  A meliai (Lair:3)
  6 polar bears (Lair:5)
  14 merfolk
  3 nameless horrors
  A raiju (Lair:5)
  3 snapping turtles
  9 blink frogs
  A hornet (D:9)
  Grinder (Sewer)
  9 dream sheep
  7 slime creatures
  3 shadows
  2 wraiths
  A vampire (D:11)
  A wyvern (D:10)
  6 water elementals
  A fire bat (Volcano)
  46 yaks
  Eustachio (D:4)
  4 basilisks
  4 steam dragons
  11 vampire mosquitoes
  4 wargs (Lair:5)
  2 acid dragons
  9 water moccasins
  14 hell hounds (Lair:5)
  9 black bears
  A hornet zombie (D:7)
  8 orc warriors
  6 ogres
  24 wolves
  6 centaurs
  A phantom (D:8)
  3 kobold brigands
  3 elf zombies (Ossuary)
  11 bullfrogs
  A necrophage (D:7)
  2 scorpions
  A wyvern zombie (D:7)
  3 gnoll sergeants (D:9)
  10 wights
  7 killer bees
  7 electric eels
  6 howler monkeys
  3 centaur zombies (Ossuary)
  A bullfrog zombie (D:7)
  2 quasits (Sewer)
  5 hounds
  6 human zombies
  6 orc priests
  2 jellies
  Jessica (D:2)
  14 orc wizards
  Crazy Yiuf (D:7)
  Terence (D:2)
  3 hell rats (Lair:1)
  8 iguanas
  3 sleepcaps
  A killer bee zombie (D:7)
  5 mummies
  A howler monkey zombie (D:7)
  7 gnolls
  6 adders
  A white imp (D:4)
  3 ufetubi
  3 worms
  7 dart slugs
  42 orcs
  13 endoplasms
  5 giant cockroaches
  8 goblins
  5 hobgoblins
  8 jackals
  37 kobolds
  5 quokkas
  7 ball pythons
  5 bats
  2 frilled lizards (D:2)
  A hobgoblin zombie (D:4)
  A kobold zombie (Sewer)
  9 rats
618 creatures vanquished.

Vanquished Creatures (collateral kills)
  Frances (Shoals:1)
  A merfolk impaler (Shoals:2)
  A hydra (Lair:5)
  A merfolk aquamancer (Shoals:3)
  3 death yaks
  A skyshark (Lair:2)
  A sea snake (Shoals:1)
  2 harpies (Shoals:3)
  2 manticores
  5 fauns
  3 merfolk sirens
  A slime creature (D:13)
  A cane toad (Lair:2)
  2 komodo dragons
  A troll (D:12)
  7 merfolk
  2 polar bears (Lair:5)
  5 blink frogs
  4 dream sheep (Lair:5)
  2 snapping turtles (Shoals:2)
  A wind drake (Shoals:1)
  A wyvern (Lair:2)
  9 yaks
  A shadow (D:13)
  5 water elementals
  2 wraiths (D:11)
  2 steam dragons
  2 vampire mosquitoes
  An acid dragon (D:9)
  3 hell hounds
  A water moccasin (shapeshifter) (D:13)
  An orc warrior (D:9)
  4 black bears (Lair:5)
  An ogre (D:9)
  A centaur (Volcano)
  3 wolves
  3 bullfrogs
  A gnoll sergeant (D:12)
  3 killer bees
  9 knights
  A human zombie (Ossuary)
  3 ancestors
  3 hell rats (Lair:1)
  2 gnolls (D:12)
  9 orcs
  2 kobolds
120 creatures vanquished.

Vanquished Creatures (others)
  A merfolk javelineer (Shoals:3)
  A merfolk avatar (Shoals:2)
  A skyshark (Shoals:1)
  A sea snake (Shoals:1)
  A faun (Shoals:3)
  A polar bear (Lair:5)
  A raiju (Gauntlet)
  A yak (D:11)
  2 black bears (Lair:5)
  2 wolves
  8 knights
  4 ancestors (D:9)
  A mummy (Ossuary)
  A gnoll (D:9)
  A shadow imp (D:6)
  3 orcs
  A kobold (Sewer)
  A kobold zombie (Sewer)
32 creatures vanquished.

Grand Total: 770 creatures vanquished

Notes
Turn   | Place    | Note
-------+----------+-------------------------------------------
     0 | D:1      | Newt the Merfolk Gladiator began the quest for the Orb.
     0 | D:1      | Reached XP level 1. HP: 16/16 MP: 1/1
   167 | D:1      | Reached XP level 2. HP: 22/22 MP: 2/2
   265 | D:1      | Reached skill level 5 in Polearms
   472 | D:1      | Reached XP level 3. HP: 25/27 MP: 3/3
   884 | D:1      | Found a faded altar of an unknown god.
  1165 | D:2      | Noticed Jessica
  1173 | D:2      | Killed Jessica
  1174 | D:2      | Reached skill level 6 in Polearms
  1178 | D:2      | Reached XP level 4. HP: 31/33 MP: 4/4
  1196 | D:2      | Identified a scroll of acquirement
  1196 | D:2      | Acquired the ring "Weugah" {Will+ Dex+6 Slay+6}
  1242 | D:2      | Noticed Terence
  1253 | D:2      | Killed Terence
  1305 | D:2      | Reached skill level 7 in Polearms
  1620 | D:3      | Reached XP level 5. HP: 38/38 MP: 5/5
  1673 | D:3      | Found a burning altar of Makhleb.
  1806 | D:3      | Reached skill level 8 in Polearms
  2397 | D:3      | Reached skill level 5 in Dodging
  2397 | D:3      | Reached XP level 6. HP: 44/44 MP: 6/6
  2625 | D:3      | Found a shimmering altar of Xom.
  2851 | D:4      | Found a sand-covered staircase.
  2940 | Ossuary  | Entered an ossuary
  2987 | Ossuary  | Reached XP level 7. HP: 38/50 MP: 7/7
  3156 | Ossuary  | Reached skill level 5 in Fighting
  3279 | D:4      | Found Ellangip's Weapon Emporium.
  3292 | D:4      | Found a glowing drain.
  3306 | Sewer    | Entered a sewer
  3418 | Sewer    | Found a burning altar of Makhleb.
  3424 | Sewer    | Reached XP level 8. HP: 62/63 MP: 8/8
  3674 | Sewer    | Noticed Grinder
  3692 | Sewer    | Paralysed by Grinder for 2 turns
  3695 | Sewer    | Killed Grinder
  4224 | D:4      | Noticed Eustachio
  4237 | D:4      | Killed Eustachio
  4601 | D:5      | Entered Level 5 of the Dungeon
  4611 | D:5      | Gained mutation: You are partially covered in iridescent
                  | scales. (AC +2) [potion of mutation]
  4611 | D:5      | Gained mutation: You possess an exceptional clarity of
                  | mind. [potion of mutation]
  4639 | D:5      | Reached XP level 9. HP: 66/69 MP: 9/9
  4725 | D:5      | Reached skill level 9 in Polearms
  5417 | D:6      | Reached skill level 10 in Polearms
  5752 | D:6      | You fall into a shaft and drop 1 floor!
  5770 | D:7      | Reached skill level 11 in Polearms
  6001 | D:6      | Found a broken altar of Ashenzari.
  6196 | D:6      | Reached skill level 12 in Polearms
  6769 | D:7      | Reached skill level 10 in Dodging
  6800 | D:7      | Found a runed translucent door.
  6801 | D:7      | Noticed Crazy Yiuf
  6965 | D:7      | Reached XP level 10. HP: 72/76 MP: 10/10
  7078 | D:7      | Found a staircase to the Ecumenical Temple.
  7142 | Temple   | Entered the Ecumenical Temple
  7176 | Temple   | Became a worshipper of Hepliaklqana the Forgotten
  7432 | D:7      | Acquired a manual of Evocations
  7626 | D:7      | Found an ancient bone altar of Kikubaaqudgha.
  7956 | D:7      | Killed Crazy Yiuf
  8002 | D:8      | Noticed a two-headed ogre
  8017 | D:7      | Killed a two-headed ogre
  8513 | D:8      | Found an iron altar of Okawaru.
  8513 | D:8      | Found a basalt altar of Yredelemnul.
  8565 | D:8      | Found a shadowy altar of Dithmenos.
  8645 | D:8      | Reached skill level 10 in Evocations
  8664 | D:8      | Reached XP level 11. HP: 77/84 MP: 11/11
  8899 | D:8      | Reached * piety under Hepliaklqana
  8919 | D:8      | Noticed Maurice
  8928 | D:8      | Killed Maurice
  9591 | D:9      | Noticed a two-headed ogre
  9602 | D:9      | Killed a two-headed ogre
  9603 | D:9      | Reached skill level 10 in Fighting
  9690 | D:9      | Noticed a boulder beetle
  9690 | D:9      | Noticed a cyclops
  9707 | D:9      | Killed a boulder beetle
  9712 | D:9      | Killed a cyclops
  9713 | D:9      | Reached skill level 5 in Stealth
  9749 | D:9      | Noticed a brown ugly thing
  9772 | D:9      | Killed a brown ugly thing
  9828 | D:9      | Noticed a centaur warrior
  9837 | D:9      | Killed a centaur warrior
  9844 | D:9      | Reached skill level 13 in Polearms
 10054 | D:9      | Found a snail-covered altar of Cheibriados.
 10054 | D:9      | Found a glowing silver altar of Zin.
 10208 | D:9      | Found a staircase to the Orcish Mines.
 10260 | D:9      | Reached skill level 14 in Polearms
 10265 | D:9      | Reached XP level 12. HP: 41/87 MP: 12/12
 10568 | D:9      | Reached ** piety under Hepliaklqana
 10570 | D:9      | Remembered your ancestor Nhalahla as a knight
 10637 | D:10     | Entered Level 10 of the Dungeon
 10705 | D:10     | Reached skill level 15 in Polearms
 10752 | D:10     | Noticed a two-headed ogre
 10763 | D:10     | Killed a two-headed ogre
 10800 | D:10     | Noticed a boulder beetle
 10843 | D:10     | Killed a boulder beetle
 11523 | D:10     | Found a radiant altar of Vehumet.
 11529 | D:10     | Found a shimmering blue altar of Sif Muna.
 11535 | D:10     | Found a sacrificial altar of Ru.
 11643 | D:11     | Found a gate leading to a gauntlet.
 11652 | Gauntlet | Entered a Gauntlet
 11652 | Gauntlet | Found a transporter.
 11652 | Gauntlet | Found a transporter.
 11652 | Gauntlet | Found a runed translucent door.
 11652 | Gauntlet | Found a runed translucent door.
 11663 | Gauntlet | Found a transporter.
 11667 | Gauntlet | Found a transporter.
 11675 | Gauntlet | Found a transporter.
 11679 | Gauntlet | Found a transporter.
 11682 | Gauntlet | Noticed a dire elephant
 11687 | Gauntlet | Found a transporter.
 11705 | Gauntlet | Noticed a death yak
 11705 | Gauntlet | Noticed a death yak
 11706 | Gauntlet | Noticed a death yak
 11709 | Gauntlet | Found a transporter.
 11709 | Gauntlet | Noticed a death yak
 11727 | Gauntlet | Found a transporter.
 11728 | Gauntlet | Reached *** piety under Hepliaklqana
 11731 | Gauntlet | Found a transporter.
 11739 | Gauntlet | Found a transporter.
 11743 | Gauntlet | Found a transporter.
 11743 | Gauntlet | Noticed a soul eater
 11818 | Gauntlet | Reached skill level 5 in Armour
 11965 | Gauntlet | Got the Atlas of the Evil Eye and Glaciation
 12004 | Gauntlet | Killed a death yak
 12012 | Gauntlet | Killed a death yak
 12015 | Gauntlet | Killed a death yak
 12029 | Gauntlet | Killed a death yak
 12201 | Gauntlet | Identified the +3 hat of Bottot {+Inv rF+++ rC- MP+9}
 12294 | Gauntlet | Identified the amulet "Unatz" {Spirit rElec rN+}
 12294 | Gauntlet | Noticed a minotaur
 12311 | Gauntlet | Killed a minotaur
 12780 | D:11     | Reached skill level 1 in Spellcasting
 12788 | D:11     | Reached XP level 13. HP: 90/92 MP: 15/15
 13062 | D:11     | Found a staircase to the Lair.
 13517 | D:12     | Reached skill level 5 in Spellcasting
 13572 | D:12     | Reached **** piety under Hepliaklqana
 13997 | D:13     | Found Erchyelo's Book Boutique.
 14004 | D:13     | Bought a book of the Wilderness for 608 gold pieces
 14077 | D:13     | Identified the +7 long sword of Focus {vamp, *Noise rC+
                  | rN+++ Int+5}
 14549 | D:13     | Reached skill level 1 in Summonings
 15141 | D:13     | Learned a level 6 spell: Summon Cactus Giant
 15313 | Lair:1   | Entered Level 1 of the Lair of Beasts
 15395 | Lair:1   | Reached skill level 5 in Summonings
 15542 | Lair:1   | Reached ***** piety under Hepliaklqana
 16244 | Lair:2   | You fall into a shaft and drop 1 floor!
 16338 | Lair:3   | Reached XP level 14. HP: 93/99 MP: 24/24
 16500 | Lair:3   | Found a dark tunnel.
 16507 | Volcano  | Entered a volcano
 17327 | Lair:3   | Found a hole to the Spider Nest.
 17332 | Lair:3   | Reached skill level 10 in Summonings
 17949 | Lair:4   | Found a viscous altar of Jiyva.
 17949 | Lair:4   | Found a staircase to the Slime Pits.
 17966 | Lair:4   | Learned a level 4 spell: Animate Armour
 18136 | Lair:4   | Learned a level 5 spell: Summon Mana Viper
 18467 | Lair:5   | Entered Level 5 of the Lair of Beasts
 18880 | Lair:5   | Reached skill level 1 in Invocations
 19239 | Lair:5   | Reached skill level 5 in Invocations
 19289 | Lair:5   | Reached ****** piety under Hepliaklqana
 19956 | Lair:5   | Reached XP level 15. HP: 103/103 MP: 25/25
 20244 | Lair:5   | Learned a level 4 spell: Summon Lightning Spire
 20554 | Lair:2   | Found a transporter.
 20555 | Lair:2   | Found a bloodstained altar of Trog.
 20557 | Lair:2   | Noticed Midn8's ghost (journeyman DrBr)
 20563 | Lair:2   | Found a transporter.
 20689 | Lair:2   | Found a staircase to the Shoals.
 21164 | Shoals:1 | Entered Level 1 of the Shoals
 21327 | Shoals:1 | Noticed Frances
 21402 | Shoals:1 | Killed Frances
 21825 | Shoals:1 | Found Idexkeoh's Mass Market.
 22049 | Shoals:2 | Reached skill level 1 in Earth Magic
 23492 | Shoals:3 | Reached skill level 5 in Earth Magic
 23502 | Shoals:3 | Reached XP level 16. HP: 23/117 MP: 13/26
 23747 | Shoals:3 | Reached skill level 1 in Air Magic
 24061 | Shoals:3 | Slain by a merfolk impaler

Illustrated notes

Levels and vault maps discovered:
D:1:      psy_arrival_spokes, layout_loops_corners,
          dreamdust_ecumenical_altar_hidden_monk_grotto,
          nicolae_twisty_statue_hallways
D:2:      layout_rooms, nicolae_underground_beach, uniq_jessica, uniq_terence
D:3:      wad_river_or_something, layout_loops_cross,
          mainiacjoe_overflow_cross_hatched, bloody_makhleb
D:4:      layout_loops_corners, cheibrodos_sewer_entry_drain,
          nicolae_ossuary_entry_giza, serial_shops, shop, uniq_eustachio
D:5:      layout_basic, minmay_bent
D:6:      layout_basic, mainiacjoe_overflow_tiny_flanked,
          kennysheep_generic_room_2
D:7:      layout_loops_corners, lemuel_mausoleum_altar_kikubaaqudgha,
          minmay_temple_entry_statues_pillars, nicolae_zen_rock_garden,
          uniq_crazy_yiuf_cottage
D:8:      layout_basic, grunt_dithmenos_shadows,
          amethyst_overflow_temple_binary, serial_bayou_pond_d, uniq_maurice
D:9:      layout_rooms, mainiacjoe_overflow_divided_tiny,
          kennysheep_orc_monster_closet_entryway, minivault_24,
          kennysheep_diamond, kb_rosetta
D:10:     layout_loops_cross, minmay_overflow_temple_star_quad, chequers_jeans,
          minivault_22
D:11:     layout_loops_ring, lair_entry_dummy, gauntlet_entry_generic
D:12:     layout_irregular_city
D:13:     layout_grid_maze, serial_shops, nicolae_shop_tiny_statue_garden,
          hangedman_abyss_or_decor_stagger, corexii_hall_statues_i
Temple:   jpeg_temple_alley_garden
Lair:1:   layout_roguey, minmay_lair_oklob_bushes
Lair:2:   layout_regular_city, minmay_shoals_entry_lonely_mermaid,
          gammafunk_ghost_wrathful_warriors
Lair:3:   layout_gridlike, hellmonk_spider_entry_not_the_bees,
          nicolae_volcano_entry_s_turn, serial_bayou, serial_bayou_crossing,
          serial_bayou_pond_d, serial_bayou_lagoon_b, serial_bayou_ford_a,
          wad_woods_road_03
Lair:4:   layout_misc_corridors, slime_entry_1, lemuel_fruit_tree
Lair:5:   hangedman_lair_caniforms_friends, layout_cave_pods
Shoals:1: layout_shoals, minmay_shop_mass, uniq_frances
Shoals:2: layout_shoals
Shoals:3: layout_shoals, kb_tengu_band

Skill      XL: |  1  2  3  4  5  6  7  8  9 10 11 12 13 14 15 16 |
---------------+-------------------------------------------------+-----
Polearms       | 5 6 7 8 12 14 15 | 15.6
Dodging        | 5 7 8 10 12 | 12.0
Fighting       | 5 6 7 10 13 | 13.0
Armour         | 3 7 |  7.7
Evocations     | 4 10 | 10.0
Stealth        | 5 |  5.0
Spellcasting   | 1 7 |  7.0
Summonings     | 7 11 | 11.3
Invocations    | 7 8 |  8.8
Earth Magic    | 5 |  5.5
Air Magic      | 4 |  4.7
Throwing       | |  2.0

Action                     |  1- 3 |  4- 6 |  7- 9 | 10-12 | 13-15 | 16-18 || total
---------------------------+-------+-------+-------+-------+-------+-------++-------
  Melee: Trident           |    77 |   166 |   365 |   602 |    70 |       ||  1280
         Spear             |       |       |       |       |  1262 |   108 ||  1370
         Tailslap          |       |       |       |       |    16 |     7 ||    23
  Throw: Throwing net      |       |       |       |     3 |       |       ||     3
   Cast: Animate Armour    |       |       |       |       |    13 |     2 ||    15
         Summon Cactus Gia |       |       |       |       |     3 |       ||     3
         Summon Mana Viper |       |       |       |       |     1 |       ||     1
         Summon Lightning  |       |       |       |       |    10 |     5 ||    15
 Invoke: Recall Ancestor   |       |       |       |     1 |     5 |       ||     6
         Ancestor Life: Kn |       |       |       |     1 |       |       ||     1
         Idealise          |       |       |       |       |     2 |     1 ||     3
         Transference      |       |       |       |       |     1 |       ||     1
Ability: Evoke Invisibilit |       |       |       |     1 |       |       ||     1
  Evoke: Wand              |       |       |       |     8 |     9 |     1 ||    18
    Use: Scroll            |       |    11 |     4 |     7 |    16 |     1 ||    39
         Potion            |       |     1 |     3 |     4 |     1 |     4 ||    13
   Stab: Sleeping          |     1 |     7 |     6 |     7 |    21 |       ||    42
         Distracted        |       |       |     5 |     6 |    55 |     4 ||    70
         Invisible         |       |       |       |     6 |       |       ||     6
 Armour: Leather armour    |    15 |    29 |    32 |    26 |   110 |     5 ||   217
  Dodge: Dodged            |    40 |    62 |   157 |   298 |   655 |    83 ||  1295
  Block: Orb               |       |       |    25 |    45 |       |       ||    70
         Reflection        |       |       |     1 |     1 |       |       ||     2

Table legend: (Time is in decaauts)
 A = Elapsed time spent in this place.
 B = Non-inter-level travel time spent in this place.
 C = Inter-level travel time spent in this place.
 D = Time resting spent in this place.
 E = Time spent auto-exploring this place.
 F = Levels seen in this place.
 G = Mean time per level.
                   A        B        C        D        E       F      G
               +--------+--------+--------+--------+--------+-----+--------+
         Total |  22596 |  21619 |    977 |   3787 |  13826 |  26 |  869.1 |
       Dungeon |  13412 |  12847 |    565 |   2138 |   8596 |  13 | 1031.7 |
        Temple |     67 |      2 |     65 |      0 |      0 |   1 |   67.0 |
          Lair |   4973 |   4668 |    305 |    399 |   3384 |   5 |  994.6 |
        Shoals |   2369 |   2329 |     40 |    713 |   1121 |   3 |  789.7 |
         Sewer |    437 |    437 |      0 |    145 |    166 |   1 |  437.0 |
       Ossuary |    291 |    291 |      0 |    117 |     77 |   1 |  291.0 |
       Volcano |    445 |    445 |      0 |     10 |    324 |   1 |  445.0 |
      Gauntlet |    599 |    599 |      0 |    264 |    157 |   1 |  599.0 |
               +--------+--------+--------+--------+--------+-----+--------+

Top non-repeatable levels by time:
     D:7: 1649 daAuts
  Lair:5: 1513 daAuts
     D:9: 1267 daAuts
     D:3: 1210 daAuts
    D:13: 1209 daAuts
Shoals:2: 1195 daAuts
     D:1: 1167 daAuts
     D:8: 1136 daAuts
     D:6: 1074 daAuts
     D:4: 985 daAuts
    D:11: 979 daAuts
  Lair:3: 953 daAuts
  Lair:2: 874 daAuts
    D:10: 858 daAuts
  Lair:1: 839 daAuts
